Map: Dusk Towers

Players

sUKABE - Winner!

  • Race: Protoss Protoss
  • League: Gold

A.I. 1 (Elite)

  • Race: Zerg Zerg

VOD

Have the link to the VOD?

Description

Time

  • Played on: Dec. 11, 2015, 4:17 p.m.
  • Length: 7:27
Show
View Real Time Build Order
Export as new Build Order

sUKABE Protoss - Winner!

Build Orders: Nexus First 

Get SALT Encoding   

  12  0:01  Probe (Chrono Boost)  
  13  0:11  Probe (Chrono Boost)  
  14  0:18  Pylon  
  14  0:22  Probe (Chrono Boost)  
  15  0:36  Probe (Chrono Boost)  
  16  0:47  Probe (Chrono Boost)  
  17  0:57  Probe (Chrono Boost)  
  17  1:02  Nexus  
  18  1:11  Gateway  
  18  1:18  Assimilator  
  18  1:19  Probe (Chrono Boost)  
  18  1:24  Assimilator  
  19  1:30  Probe (Chrono Boost)  
  20  1:35  Pylon  
  20  1:40  Probe (Chrono Boost)  
  21  1:51  Probe (Chrono Boost)  
  22  2:00  Cybernetics Core  
  22  2:01  Probe (Chrono Boost), Zealot  
  25  2:12  Probe (Chrono Boost)  
  25  2:14  Probe (Chrono Boost)  
  27  2:23  Probe (Chrono Boost)  
  27  2:25  Probe (Chrono Boost)  
  29  2:33  Probe (Chrono Boost)  
  29  2:35  Probe (Chrono Boost)  
  31  2:37  Stalker, Warp Gate  
  34  2:44  Probe (Chrono Boost)  
  34  2:46  Probe (Chrono Boost), Twilight Council  
  35  2:55  Probe (Chrono Boost)  
  35  2:56  Probe (Chrono Boost)  
  35  2:57  Pylon  
  37  3:05  Probe (Chrono Boost)  
  38  3:07  Probe (Chrono Boost), Adept  
  41  3:18  Robotics Facility  
  42  3:20  Probe x2 (Chrono Boost)  
  42  3:22  Resonating Glaives (Chrono Boost)  
  42  3:26  Assimilator  
  43  3:30  Probe x2 (Chrono Boost)  
  45  3:40  Gateway  
  45  3:43  Gateway  
  45  3:46  Gateway  
  45  3:48  Probe x2 (Chrono Boost)  
  47  3:57  Pylon  
  47  4:02  Gateway  
  47  4:07  Gateway  
  47  4:08  Gateway  
  47  4:11  Warp Prism  
  49  4:24  Gateway, Probe x2 (Chrono Boost)  
  51  4:35  Pylon  
  51  4:39  Pylon  
  51  4:45  Probe, Observer  
  51  4:46  Probe  
  51  4:47  Assimilator  
  51  4:50  Adept  
  51  4:51  Adept x2  
  51  4:52  Adept  
  62  5:09  Dark Shrine  
  62  5:20  Pylon  
  62  5:24  Pylon  
  62  5:27  Adept, Pylon  
  64  5:29  Adept x3  
  64  5:30  Adept  
  64  5:31  Adept x2  
  64  5:32  Adept  
  68  6:00  Adept  
  68  6:01  Adept x5  
  60  6:26  Dark Templar x2  
  60  6:27  Dark Templar x6  
  70  6:39  Probe x2 (Chrono Boost)  
  72  6:46  Immortal  
  76  6:50  Mothership Core (Chrono Boost), Probe (Chrono Boost)  
  77  7:04  Adept x2  
  77  7:05  Adept x5  
  91  7:21  Nexus  
  91  7:22  Pylon  
Show
View Real Time Build Order
Export as new Build Order

A.I. 1 (Elite) Zerg 

Build Orders: Pool First 

Get SALT Encoding   

  12  0:00  Drone  
  13  0:12  Overlord  
  13  0:17  Drone  
  14  0:30  Drone x2  
  14  0:34  Drone  
  17  0:48  Drone, Spawning Pool  
  17  1:10  Hatchery  
  16  1:13  Drone  
  16  1:17  Extractor  
  16  1:18  Extractor  
  16  1:20  Drone  
  16  1:24  Drone  
  17  1:29  Drone  
  18  1:38  Drone  
  19  1:48  Overlord  
  19  1:57  Queen  
  21  2:02  Zergling x2  
  22  2:10  Drone  
  23  2:23  Queen  
  23  2:29  Drone  
  26  2:35  Drone  
  27  2:40  Drone  
  28  2:45  Drone  
  29  3:00  Drone  
  29  3:01  Roach Warren  
  29  3:04  Drone  
  30  3:07  Zergling x2  
  30  3:10  Zergling x2  
  32  3:17  Overlord  
  33  3:20  Drone  
  33  3:23  Drone  
  34  3:42  Roach x2  
  34  3:43  Roach x2  
  34  3:48  Lair  
  42  3:52  Overlord  
  42  3:57  Overlord  
  42  3:59  Zergling x2  
  43  4:03  Zergling x2  
  44  4:11  Drone x2, Zergling x2  
  44  4:12  Drone  
  44  4:14  Drone  
  49  4:17  Drone  
  49  4:22  Overlord  
  50  4:26  Roach  
  50  4:30  Roach  
  54  4:32  Roach  
  54  4:36  Roach  
  58  4:39  Overlord  
  58  4:46  Drone  
  58  4:48  Drone  
  58  4:49  Hydralisk Den  
  58  4:50  Drone  
  60  4:53  Roach  
  60  4:56  Roach  
  64  5:00  Overlord  
  64  5:06  Drone  
  65  5:09  Drone  
  65  5:10  Drone  
  65  5:12  Drone  
  68  5:14  Drone  
  68  5:16  Drone  
  68  5:18  Drone, Hydralisk  
  73  5:21  Hydralisk  
  73  5:25  Overlord  
  73  5:27  Drone  
  76  5:30  Drone  
  76  5:31  Drone  
  76  5:34  Drone  
  75  5:37  Drone  
  75  5:38  Drone  
  75  5:40  Zergling x2  
  73  5:45  Infestation Pit  
  69  5:55  Queen  
  62  5:59  Zergling x2  
  63  6:04  Hydralisk  
  63  6:08  Drone  
  63  6:10  Zergling x2  
  62  6:13  Hydralisk  
  62  6:16  Drone  
  59  6:18  Drone  
  59  6:20  Drone  
  59  6:23  Drone  
  59  6:26  Drone  
  59  6:34  Zergling x2  
  59  6:35  Overseer  
  59  6:36  Drone  
  59  6:44  Drone  
  54  6:47  Drone  
  54  6:49  Queen  
  45  6:55  Zergling x2  
Tags
 
Add a new tag
Caveats
  • Supply blocks, unpowered buildings, or Contaminate may cause inaccurate times.
  • Supply counts are checked every 10 seconds.